Map: Ice and Chrome LE

Players

LiquidMaNa (MaNa)

  • Race: Protoss Protoss
  • League: Master
  • Spawn Location: 7:00

SpeCial - Winner!

  • Race: Terran Terran
  • Spawn Location: 1:00

Event: War Chest Team League

VOD

Have the link to the VOD?

Description

Time

  • Played on: July 24, 2020, 7:14 a.m.
  • Length: 12:11
Show
View Real Time Build Order
Export as new Build Order

LiquidMaNa Protoss 

Build Orders:  

Get SALT Encoding   

  12  0:00  Probe  
  13  0:12  Probe  
  14  0:17  Pylon  
  14  0:25  Probe  
  15  0:33  Probe  
  15  0:36  Gateway  
  15  0:41  Probe  
  16  0:46  Assimilator  
  17  0:51  Probe  
  17  0:54  Assimilator  
  18  1:03  Probe  
  19  1:06  Gateway  
  19  1:15  Probe  
  20  1:23  Cybernetics Core  
  20  1:27  Probe  
  21  1:38  Pylon  
  21  1:40  Probe  
  22  1:59  Stalker, Robotics Facility  
  24  2:01  Stalker  
  26  2:10  Probe  
  26  2:11  Warp Gate  
  26  2:15  Pylon  
  28  2:22  Probe  
  28  2:25  Stalker  
  28  2:26  Stalker  
  32  2:47  Warp Prism  
  33  3:01  Sentry  
  33  3:04  Pylon  
  35  3:19  Immortal  
  39  3:29  Pylon  
  39  3:58  Immortal  
  39  4:13  Zealot x2  
  37  4:37  Probe  
  39  4:38  Observer  
  39  4:39  Nexus  
  39  4:41  Twilight Council  
  39  4:44  Pylon  
  39  4:48  Probe  
  40  4:56  Probe  
  40  5:04  Probe  
  41  5:08  Stalker  
  41  5:09  Stalker  
  46  5:14  Charge  
  46  5:16  Probe  
  46  5:17  Observer  
  48  5:28  Probe  
  48  5:35  Forge  
  48  5:40  Probe, Observer  
  49  5:43  Zealot x2  
  49  5:49  Observer  
  53  5:52  Probe  
  53  5:56  Probe  
  53  5:57  Dark Shrine  
  54  6:02  Protoss Ground Armor Level 1  
  55  6:04  Probe x2  
  55  6:10  Observer  
  58  6:12  Probe  
  58  6:16  Probe  
  59  6:21  Observer  
  59  6:22  Zealot  
  59  6:25  Probe, Zealot  
  64  6:29  Probe  
  65  6:34  Pylon  
  65  6:36  Shield Battery  
  65  6:37  Probe  
  65  6:39  Observer  
  66  6:41  Probe  
  67  6:49  Probe  
  67  6:53  Probe  
  69  6:55  Gateway x2  
  69  6:58  Observer  
  69  7:01  Probe  
  70  7:05  Probe  
  71  7:08  Dark Templar x2  
  71  7:13  Probe  
  71  7:14  Assimilator x2  
  76  7:20  Probe  
  77  7:25  Probe  
  77  7:32  Probe  
  78  7:37  Probe, Nexus  
  79  7:51  Pylon  
  79  7:52  Pylon  
  79  7:55  Gateway, Shield Battery  
  79  7:57  Gateway  
  79  8:03  Pylon, Protoss Ground Armor Level 2  
  79  8:06  Templar Archives  
  79  8:08  Blink  
  79  8:09  Probe x2  
  81  8:21  Probe x2  
  83  8:27  Zealot x2  
  83  8:28  Zealot  
  83  8:33  Zealot  
  91  8:37  Probe x2  
  93  8:46  Psionic Storm  
  93  8:50  High Templar  
  93  8:51  Probe x3  
  93  8:54  High Templar  
  100  9:03  Probe  
  100  9:04  Robotics Facility  
  100  9:07  Shield Battery  
  100  9:08  Probe x2  
  103  9:12  Assimilator  
  103  9:17  Gateway  
  103  9:19  Shield Battery  
  103  9:20  Gateway  
  103  9:22  High Templar  
  105  9:37  Probe  
  105  9:38  Probe  
  99  9:39  Probe  
  87  9:48  Stalker x5  
  87  9:50  Probe x2  
  87  9:51  Probe  
  100  10:01  Assimilator  
  100  10:02  Probe  
  100  10:06  Probe  
  100  10:07  Probe  
  103  10:12  Zealot x4  
  111  10:19  Zealot x2  
  113  10:23  Probe x2  
  113  10:27  Probe  
  113  10:31  Pylon  
  113  10:35  Probe x2  
  99  10:36  High Templar x2  
  99  10:40  Archon  
  103  10:49  Archon  
  103  10:52  Dark Templar x2, Zealot  
  103  10:56  Archon  
  55  11:33  Zealot x8  
  65  11:42  Probe x2  
  65  11:46  Photon Cannon  
  66  11:52  High Templar x2  
  66  11:53  High Templar x2  
  73  11:57  Archon x2  
Show
View Real Time Build Order
Export as new Build Order

SpeCial Terran - Winner!

Build Orders: Cyclone Opening 

Get SALT Encoding   

  12  0:00  SCV  
  13  0:12  SCV  
  14  0:19  Supply Depot  
  14  0:25  SCV  
  15  0:41  Barracks, SCV  
  16  0:45  Refinery  
  16  0:53  SCV  
  16  0:56  Refinery  
  17  1:05  SCV  
  18  1:17  SCV  
  19  1:29  Orbital Command, Reaper  
  20  1:44  Supply Depot, Factory  
  20  1:55  SCV  
  22  2:01  Reaper  
  22  2:07  SCV  
  23  2:22  SCV  
  24  2:27  Command Center  
  24  2:33  Factory Tech Lab  
  24  2:35  Bunker  
  24  2:37  SCV  
  24  2:41  Supply Depot  
  24  2:52  Bunker, Cyclone  
  24  2:54  SCV  
  28  3:04  Starport  
  28  3:08  SCV  
  28  3:24  Siege Tank  
  28  3:25  SCV  
  32  3:32  Marine  
  33  3:41  Viking  
  32  3:42  SCV  
  33  3:50  Marine  
  33  3:52  Orbital Command  
  33  4:09  Marine  
  29  4:27  Marine  
  30  4:42  SCV x2  
  30  4:43  Supply Depot  
  30  4:44  Marine  
  33  4:50  Siege Tank  
  36  4:59  Supply Depot  
  36  5:11  Viking  
  36  5:13  Marine  
  39  5:21  SCV x2  
  39  5:28  Supply Depot  
  41  5:31  Marine  
  41  5:33  Supply Depot  
  41  5:35  SCV x2  
  44  5:40  Siege Tank  
  47  5:52  Supply Depot  
  47  5:53  Barracks Reactor  
  47  5:55  SCV x2  
  48  6:00  Barracks  
  48  6:03  Orbital Command, Starport Tech Lab  
  48  6:07  SCV  
  49  6:19  SCV  
  50  6:30  Marine x2  
  50  6:31  SCV  
  54  6:32  SCV  
  54  6:35  Raven  
  54  6:36  Bunker  
  54  6:39  Supply Depot  
  56  6:43  SCV  
  56  6:45  SCV  
  58  6:49  Barracks Tech Lab  
  58  6:50  Engineering Bay  
  58  6:55  SCV  
  58  6:56  Barracks  
  58  6:57  SCV  
  60  7:05  Marine x2  
  60  7:07  SCV  
  60  7:08  Marine  
  63  7:09  SCV  
  63  7:15  Stimpack  
  65  7:19  SCV, Refinery  
  65  7:21  SCV  
  67  7:22  Marine  
  67  7:26  Supply Depot  
  68  7:31  SCV  
  68  7:33  Marine  
  68  7:36  Marine  
  74  7:38  Starport Reactor  
  74  7:39  SCV  
  74  7:42  Terran Infantry Weapons Level 1  
  74  7:43  SCV  
  73  7:47  Factory Reactor, Marine  
  73  7:51  Marine  
  74  7:52  SCV  
  74  7:54  Marine  
  74  7:56  SCV  
  74  7:58  Combat Shield, Refinery  
  78  7:59  Marine  
  78  8:04  Supply Depot, SCV  
  80  8:10  Marine x2  
  80  8:12  Marauder  
  84  8:17  Marauder, Medivac  
  88  8:21  Medivac  
  88  8:22  SCV  
  88  8:26  Supply Depot  
  91  8:31  Command Center  
  91  8:39  Supply Depot  
  91  8:41  Marine x2  
  91  8:43  Marauder  
  91  8:45  Missile Turret  
  94  8:50  Marauder  
  94  8:51  SCV x2  
  98  8:58  Medivac x2  
  98  9:01  Widow Mine x2  
  105  9:04  Supply Depot  
  105  9:05  Marauder  
  107  9:11  Concussive Shells  
  107  9:12  Supply Depot, Marine x2  
  109  9:23  Barracks  
  109  9:25  Barracks, SCV x2  
  109  9:30  Marine x2  
  115  9:31  Marauder  
  115  9:37  SCV  
  117  9:38  Widow Mine  
  117  9:39  Medivac  
  117  9:42  SCV  
  115  9:48  Marine x2  
  115  9:50  Orbital Command  
  115  9:56  Ghost Academy  
  115  10:02  Marauder  
  115  10:06  Marine x2  
  119  10:08  Armory  
  119  10:13  Terran Infantry Armor Level 1  
  119  10:15  SCV x2  
  119  10:20  Marine  
  123  10:25  Marine  
  123  10:26  Marauder  
  125  10:32  SCV  
  125  10:33  Orbital Command, Widow Mine  
  118  10:38  Medivac  
  118  10:39  Medivac  
  118  10:41  Marine  
  123  10:43  Barracks Reactor, Marine, SCV  
  123  10:46  SCV  
  132  10:59  Marine  
  132  11:01  Marine  
  132  11:02  Widow Mine x2  
  132  11:03  Missile Turret  
  130  11:21  Marauder, Unknown x3  
  130  11:24  Marine  
  130  11:25  Marauder  
  122  11:26  Orbital Command  
  122  11:29  Marine  
  122  11:30  Marauder, Medivac x2  
  122  11:31  Widow Mine x2  
  122  11:32  Marine  
  120  11:33  SCV x2  
  114  11:42  Marine  
  114  11:43  Marauder  
  114  11:45  SCV  
  114  11:46  Marauder  
  116  11:47  Marine x2  
Tags
 
Add a new tag
Caveats
  • Supply blocks, unpowered buildings, or Contaminate may cause inaccurate times.
  • Supply counts are checked every 10 seconds.